 Dungeon Crawl Stone Soup version 0.22.1-2-g9c5b331 (webtiles) character file.

221 myga the Cutter (level 5, -5/48 HPs)
             Began as a Deep Elf Berserker on Nov 27, 2018.
             Was a Priest of Trog.
             Killed by divine providence
             ... invoked by an orc priest
              (10 damage)
             ... on level 4 of the Dungeon.
             The game lasted 00:22:23 (3628 turns).

myga the Cutter (Deep Elf Berserker)                Turns: 3628, Time: 00:22:24

Health: -5/48      AC:  5    Str: 18 (20) XL:     5   Next: 65%
Magic:  7/7        EV: 13    Int:  9 (12) God:    Trog [***...]
Gold:   138        SH:  0    Dex: 12 (14) Spells: 4/4 levels left

rFire    . . .     SeeInvis .   k - +2 dagger (speed)
rCold    + . .     Gourm    .   (no shield)
rNeg     . . .     Faith    .   p - +0 leather armour (curse)
rPois    .         Spirit   .   f - +0 helmet
rElec    .         Reflect  .   (no cloak)
rCorr    .         Harm     .   g - +0 pair of gloves
MR       .....                  (no boots)
Stlth    ..........             (no amulet)
HPRegen  0.16/turn              q - ring of protection from cold
MPRegen  0.10/turn              (no ring)

@: berserking, very quick
A: no striking features
a: Berserk, Trog's Hand, Renounce Religion


You were on level 4 of the Dungeon.
You worshipped Trog.
Trog was most pleased with you.
You were hungry.

You visited 1 branch of the dungeon, and saw 4 of its levels.

You collected 138 gold pieces.

Inventory:

Hand Weapons
 j - a +1 short sword of holy wrath
 k - a +2 dagger of speed (weapon)
Missiles
 e - 82 stones (quivered)
 h - 20 arrows
Armour
 f - a +0 helmet (worn)
 g - a +0 pair of gloves (worn)
 l - a cursed +0 leather armour
 n - a +0 leather armour
 p - a cursed +0 leather armour (worn)
 r - a +0 leather armour
Jewellery
 q - a ring of protection from cold (left hand)
Scrolls
 b - 3 scrolls of noise
 i - a scroll of random uselessness
Potions
 m - a potion of invisibility
 o - a potion of cancellation
Comestibles
 c - 8 rations
 d - 2 chunks of flesh


   Skills:
 + Level 3.2 Fighting
 + Level 5.0 Short Blades
 + Level 0.4 Throwing
 + Level 1.9 Armour
 + Level 3.6 Dodging
 + Level 1.1 Stealth


You had 4 spell levels left.
You didn't know any spells.
Your spell library was empty.

Dungeon Overview and Level Annotations

Branches:
Dungeon (4/15)
 Temple: D:4-7

Altars:
Fedhas
Makhleb
Ru
Wu Jian
Xom
The Shining One


Message History

You hear some strange, mumbled words.
A puff of frost appears from out of thin air!
The puff of frost hits you! You resist.
* * * LOW HITPOINT WARNING * * *
Okay, then.
Okay, then.
A red film seems to cover your vision as you go berserk!
You feel yourself moving faster!
You feel mighty!
You are feeling hungry.
The orc priest closely misses you.
A magic dart appears from out of thin air!
The magic dart hits you!
* * * LOW HITPOINT WARNING * * *
You closely miss the orc priest.
The orc priest is heavily wounded.
The orc priest closely misses you.
You hit something. Something hits you but does no damage.
The orc priest invokes the aid of Beogh against you.
Beogh smites you!
You die...

# # # .#) #
#≈##(##≈#
#≈≈(.≈≈≈#
#####)#######
#..o(........
###{#########
#@# #.# #.# #.#
#.#
##.#############
#..............#
#..###########.#
#......# #.#


You could see an orc priest.

Vanquished Creatures
  A worker ant (D:2)
  3 gnolls (D:2)
  5 adders
  An adder skeleton (D:2)
  2 worms (D:3)
  3 dart slugs
  6 leopard geckos
  7 orcs
  2 ball pythons (D:1)
  9 bats
  3 giant cockroaches
  7 goblins
  17 hobgoblins
  6 jackals (D:3)
  A quokka (D:2)
  2 frilled lizards
  10 kobolds
  3 rats (D:3)
88 creatures vanquished.

Notes
Turn   | Place    | Note
-------+----------+-------------------------------------------
     0 | D:1      | myga the Deep Elf Berserker began the quest for the Orb.
     0 | D:1      | Reached XP level 1. HP: 13/13 MP: 3/3
   149 | D:1      | Reached XP level 2. HP: 18/18 MP: 4/4
   760 | D:1      | Reached XP level 3. HP: 22/22 MP: 5/5
   868 | D:1      | Reached ** piety under Trog
  1381 | D:2      | Reached XP level 4. HP: 22/28 MP: 6/6
  1488 | D:2      | Reached skill level 4 in Short Blades
  1891 | D:2      | Reached XP level 5. HP: 31/32 MP: 7/7
  2213 | D:2      | Found a burning altar of Makhleb.
  2213 | D:2      | Found a shimmering altar of Xom.
  2235 | D:2      | Found a blossoming altar of Fedhas.
  2237 | D:2      | Found a faded altar of an unknown god.
  2238 | D:2      | Found a faded altar of an unknown god.
  2334 | D:2      | Found a burning altar of Makhleb.
  2580 | D:3      | Found a glowing golden altar of the Shining One.
  2582 | D:3      | Found an ornate altar of the Wu Jian Council.
  2585 | D:3      | Found a sacrificial altar of Ru.
  3054 | D:3      | Reached *** piety under Trog
  3130 | D:3      | Reached skill level 1 in Stealth
  3611 | D:4      | Reached skill level 5 in Short Blades
  3628 | D:4      | Killed from afar by an orc priest

Skill      XL: |  1  2  3  4  5 |
---------------+----------------+-----
Fighting       | 3 |  3.2
Dodging        | 3 |  3.6
Short Blades   | 4 5 |  5.0
Stealth        | 1 |  1.1
Throwing       | |  0.4
Armour         | |  1.9

Action                   |  1- 3 |  4- 6 || total
-------------------------+-------+-------++-------
Melee: Short sword       |    84 |       ||    84
       Dagger            |    43 |   245 ||   288
Throw: Stone             |       |    65 ||    65
Invok: Berserk           |     3 |     5 ||     8
  Use: Scroll            |     1 |     6 ||     7
       Potion            |       |     5 ||     5
 Stab: Sleeping          |       |     2 ||     2
  Eat: Chunk             |     4 |    11 ||    15
Armor: Animal skin       |    12 |       ||    12
       Robe              |    10 |       ||    10
       Leather armour    |       |    34 ||    34
Dodge: Dodged            |    72 |    85 ||   157
